 Dungeon Crawl Stone Soup version 0.29-a0-268-g5627465c62 (webtiles) character file.

Game seed: 4673367075271843363

564 Murumi the Shield-Bearer (level 7, -8/56 HPs)
             Began as a Formicid Fighter on Mar 7, 2022.
             Mangled by a troll (11 damage)
             ... on level 5 of the Dungeon.
             The game lasted 00:10:26 (3649 turns).

Murumi the Shield-Bearer (Formicid Fighter)         Turns: 3649, Time: 00:10:27

Health: -8/56      AC: 17    Str: 28    XL:     7   Next: 58%
Magic:  7/7        EV:  8    Int:  8    God:
Gold:   139        SH:  6    Dex: 10    Spells: 6/6 levels left

rFire   . . .      SeeInvis +   n - +0 flail (venom)
rCold   . . .      Faith    .   c - +1 buckler
rNeg    . . .      Spirit   .   k - +0 chain mail
rPois   .          Reflect  .   (helmet unavailable)
rElec   .          Harm     .   (no cloak)
rCorr   .          Rampage  +   (no gloves)
Will    .....                   j - +2 pair of boots {rampage}
Stlth   ..........              (no amulet)
HPRegen 0.18/turn               g - +6 ring of strength
MPRegen 0.10/turn               i - +4 ring of protection

@: mighty
A: permanent stasis, dig shafts and tunnels, antennae 3, four strong arms
a: Dig, Shaft Self


You were on level 5 of the Dungeon.
You visited 1 branch of the dungeon, and saw 5 of its levels.

You collected 139 gold pieces.

Inventory:

Hand Weapons
 a - a +1 flail
 n - a +0 flail of venom (weapon)
Armour
 c - a +1 buckler (worn)
 j - a +2 pair of boots of rampaging (worn)
 k - a +0 chain mail (worn)
Jewellery
 g - a +6 ring of strength (left hand)
 i - a +4 ring of protection (right hand)
Scrolls
 o - a scroll of enchant armour
Potions
 b - a potion of heal wounds {unknown}
 e - 5 potions of curing
 f - a potion of invisibility {unknown}
 h - 2 potions of attraction
 l - a potion of mutation {unknown}
 m - 2 potions of lignification {unknown}
 p - a potion of resistance


   Skills:
 - Level 5.0 Fighting
 - Level 4.0 Maces & Flails
 - Level 5.0 Armour
 - Level 1.0 Dodging
 - Level 3.0 Stealth
 + Level 5.6 Shields


You had 6 spell levels left.
You didn't know any spells.
Your spell library contained the following spells:

 Spells                   Type           Power      Damage    Failure   Level
 Magic Dart               Conj           0%         1d3       95%         1
 Call Imp                 Summ           0%         N/A       99%         2
 Mephitic Cloud           Conj/Pois/Air  0%         N/A       100%        3


Dungeon Overview and Level Annotations

Branches:
Dungeon (5/15)
 Temple: D:4-7

Altars:
Hepliaklqana
Xom


Innate Abilities, Weirdness & Mutations

You cannot be hasted, slowed, berserked, paralysed or teleported.
You can dig through walls and to a lower floor.
You have a pair of large antennae on your head. (SInv)
Your four strong arms can wield two-handed weapons with a shield.


Message History

You hit the orc but do no damage.
The orc is poisoned.
The orc barely misses you. You block the orc's attack.
The orc hits you but does no damage. x2
You thump the orc!
You kill the orc!
The orc closely misses you.
You barely miss the orc. The orc hits you but does no damage.
You closely miss the orc. You block the orc's attack.
You barely miss the orc. You block the orc's attack. The orc barely misses you.
Unknown command.
You thump the orc!
You kill the orc!
A troll comes into view.
The troll shouts!
You sock the troll!
The troll is moderately wounded.
The troll bites you. The troll claws you. x2
You closely miss the troll.
The troll is lightly wounded.
You block the troll's attack. x2; The troll claws you but does no damage.
You closely miss the troll.
The troll is lightly wounded.
The troll bites you. The troll claws you!
The troll claws you but does no damage. The troll bites you!
The troll claws you!
* * * LOW HITPOINT WARNING * * *
The troll claws you.
* * * LOW HITPOINT WARNING * * *
You feel very mighty all of a sudden. The troll bites you!
* * * LOW HITPOINT WARNING * * *
The troll barely misses you. The troll claws you but does no damage.
You barely miss the troll.
The troll is lightly wounded.
The troll bites you but does no damage. You block the troll's attack.
The troll claws you but does no damage.
You hit the troll.
The troll is poisoned.
The troll is moderately wounded.
The troll bites you!
You die...

... #o. ##.. #... #..o######
#.. #o.##...##
#..##..##@...# ###
#..+....T)).####?#
######..#........##...####
##...##..##..##........#..#
#....[...##..##........#..##
#.............?†.......#...#
#............##...##...'...#
##...##......##...##..##...#
#....##...........##..##...#


You could see a troll (very poisoned).

Vanquished Creatures
  Sigmund (D:3)
  Eustachio (D:5)
  A hound (D:4)
  3 orc wizards
  5 adders
  4 worms
  2 dart slugs
  11 orcs
  9 endoplasms
  11 goblins
  8 hobgoblins
  3 jackals (D:4)
  4 quokkas
  3 ball pythons
  4 bats
  2 frilled lizards
  7 kobolds
  4 rats
83 creatures vanquished.

Notes
Turn   | Place    | Note
-------+----------+-------------------------------------------
     0 | D:1      | Murumi the Formicid Fighter began the quest for the Orb.
     0 | D:1      | Reached XP level 1. HP: 18/18 MP: 1/1
   267 | D:1      | Reached XP level 2. HP: 24/24 MP: 2/2
   579 | D:1      | Reached XP level 3. HP: 29/30 MP: 3/3
   717 | D:1      | Found a faded altar of an unknown god.
  1196 | D:2      | Reached skill level 1 in Stealth
  1259 | D:2      | Reached skill level 1 in Dodging
  1259 | D:2      | Reached XP level 4. HP: 37/37 MP: 4/4
  1942 | D:3      | Noticed Sigmund
  1954 | D:3      | Killed Sigmund
  1955 | D:3      | Reached skill level 5 in Shields
  1955 | D:3      | Reached XP level 5. HP: 39/42 MP: 5/5
  1955 | D:3      | Reached XP level 6. HP: 45/48 MP: 6/6
  3043 | D:4      | Reached XP level 7. HP: 55/55 MP: 7/7
  3181 | D:4      | Found a hazy altar of Hepliaklqana.
  3182 | D:4      | Found a shimmering altar of Xom.
  3183 | D:4      | Noticed a spectral ugly thing
  3349 | D:5      | Entered Level 5 of the Dungeon
  3507 | D:5      | Noticed Eustachio
  3533 | D:5      | Killed Eustachio
  3534 | D:5      | Reached skill level 5 in Fighting
  3534 | D:5      | Reached skill level 5 in Armour
  3637 | D:5      | Noticed a troll
  3649 | D:5      | Mangled by a troll

Illustrated notes

Levels and vault maps discovered:
D:1:      shiori_shiawase, layout_loops_ring,
          dreamdust_ecumenical_altar_hidden_monk_grotto
D:2:      layout_basic, grunt_decor_mini_mirrors, hex_medium
D:3:      layout_loops_cross, uniq_sigmund
D:4:      layout_loops_ring, regret_index_temple_of_mockery,
          kennysheep_flooded_box, kennysheep_generic_room_8
D:5:      layout_gridville, uniq_eustachio

Skill      XL: |  1  2  3  4  5  6  7 |
---------------+----------------------+-----
Shields        | 4 5 |  5.6
Fighting       | 4 5 |  5.0
Armour         | 4 5 |  5.0
Stealth        | 1 3 |  3.0
Dodging        | 1 |  1.0
Maces & Flails | 3 4 |  4.0

Action                   |  1- 3 |  4- 6 |  7- 9 || total
-------------------------+-------+-------+-------++-------
Melee: Whip              |    32 |       |       ||    32
       Flail             |    56 |   116 |    48 ||   220
 Abil: Dig               |       |       |     1 ||     1
  Use: Scroll            |     6 |     4 |     1 ||    11
       Potion            |       |       |     1 ||     1
Armor: Scale mail        |    23 |       |       ||    23
       Chain mail        |    17 |    52 |    24 ||    93
Dodge: Dodged            |    30 |    39 |    12 ||    81
Block: Buckler           |    20 |    23 |    15 ||    58

Table legend: (Time is in decaauts)
 A = Elapsed time spent in this place.
 B = Non-inter-level travel time spent in this place.
 C = Inter-level travel time spent in this place.
 D = Time resting spent in this place.
 E = Time spent auto-exploring this place.
 F = Levels seen in this place.
 G = Mean time per level.
                   A        B        C        D        E       F      G
               +--------+--------+--------+--------+--------+-----+--------+
         Total |   3714 |   3314 |    400 |     66 |   2546 |   5 |  742.8 |
       Dungeon |   3714 |   3314 |    400 |     66 |   2546 |   5 |  742.8 |
               +--------+--------+--------+--------+--------+-----+--------+

Top non-repeatable levels by time:
     D:1: 1150 daAuts
     D:4: 911 daAuts
     D:3: 809 daAuts
     D:2: 656 daAuts
     D:5: 186 daAuts
